 Dungeon Crawl Stone Soup version 0.17-a0-1210-g1e4f09d (webtiles) character file.

58 kidanger the Charmwright (level 3, 0/25 HPs)
             Began as a High Elf Skald on June 4, 2015.
             Succumbed to an adder's poison
             ... on level 2 of the Dungeon.
             The game lasted 00:07:22 (1539 turns).

kidanger the Charmwright (High Elf Skald)           Turns: 1539, Time: 00:07:22

Health: 0/25       AC:  4    Str: 12    XL:     3   Next: 75%
Magic:  6/8        EV: 12    Int: 16    God:
Gold:   113        SH:  0    Dex: 14    Spells: 1 memorised, 7 levels left

rFire  . . .     SeeInvis .     i - +0 short sword (flame)
rCold  . . .     Clarity  .     b - +0 leather armour
rNeg   + . .     SustAt   .     (no shield)
rPois  .         Gourm    .     (no helmet)
rElec  .         Spirit   .     (no cloak)
rCorr  .         Warding  .     (no gloves)
rMut   .         Stasis   .     j - +0 pair of boots
MR     .....                    (no amulet)
Stlth  +.........               (no ring)
                                k - ring of positive energy

@: lethally poisoned (0 -> -11), infused, not resistant to hostile enchantments,
very unstealthy
A: no striking features
a: no special abilities


You were on level 2 of the Dungeon.
You were not hungry.

You visited 1 branch of the dungeon, and saw 2 of its levels.

You collected 113 gold pieces.

Inventory:

Hand weapons
 i - a +0 short sword of flaming (weapon)
Armour
 b - a +0 leather armour (worn)
 j - a +0 pair of boots (worn)
Jewellery
 k - a ring of positive energy (left hand)
Scrolls
 a - a scroll of remove curse
 g - 2 scrolls of identify
 l - a scroll of random uselessness {unknown}
Potions
 e - a potion of haste
 f - a potion of flight {unknown}
 h - a potion of poison {unknown}
Books
 c - a book of Battle

   Spells                             Type                      Level
   a - Infusion                       Charms                       1
   b - Shroud of Golubria             Charms/Translocation         2
   c - Song of Slaying                Charms                       2
   d - Spectral Weapon                Hexes/Charms                 3
   e - Regeneration                   Charms/Necromancy            3
Comestibles
 d - a bread ration
 m - a chunk of flesh


   Skills:
 + Level 2.4 Fighting
 + Level 2.7 Short Blades
 + Level 1.1 Armour
 + Level 1.7 Dodging
 + Level 3.2 Spellcasting
 + Level 4.3 Charms


You had 7 spell levels left.
You knew the following spells:

 Your Spells              Type           Power        Failure   Level  Hunger
a - Infusion              Chrm           ###...       4%          1    None


Dungeon Overview and Level Annotations

Branches:
Dungeon (2/15)

Altars:


Message History

* * * LOW HITPOINT WARNING * * *
You feel sick. The adder misses you.
You are too injured to fight recklessly!
You are too injured to fight recklessly!
You are too injured to fight recklessly!
You are too injured to fight recklessly!
You are too injured to fight recklessly!
You closely miss the adder.
The adder is heavily wounded.
The adder misses you. The adder bites you.
* * * LOW HITPOINT WARNING * * *
You are more poisoned.
The adder poisons you!
You miss the adder.
The adder is heavily wounded.
* * * LOW HITPOINT WARNING * * *
You feel sick. The adder misses you.
You hit the adder! You burn the adder.
You kill the adder!
You die...

#.# #..####
#######.######## #. #...#
................ ..
#.#.## #######.########
#..#.#..## #.#
###......... #.#
....#.##..# #.#
####.######.#
#.#.#########..#.........
#.#....†@.........#......
#.##########......+......
#..........+......#...)..
###.#.######......#......
#.#<........#.###......
#.#.#######.#.# #......
#.#.........#.# #######
#####.###########.#
#.....#...........#


There were no monsters in sight!

Vanquished Creatures
  2 adders (D:2)
  A ball python (D:1)
  4 bats
  6 giant cockroaches
  5 goblins
  5 hobgoblins
  A giant gecko (D:2)
  2 giant newts
  4 kobolds
  7 rats
37 creatures vanquished.

Notes
Turn   | Place    | Note
--------------------------------------------------------------
     0 | D:1      | kidanger the High Elf Skald began the quest for the Orb.
     0 | D:1      | Reached XP level 1. HP: 14/14 MP: 4/4
   232 | D:1      | Reached XP level 2. HP: 17/19 MP: 6/6
   314 | D:1      | Reached skill level 4 in Charms
  1115 | D:2      | Reached skill level 1 in Armour
  1115 | D:2      | Reached XP level 3. HP: 18/24 MP: 4/8
  1538 | D:2      | HP: 1/25 [poisoned by an adder]
  1539 | D:2      | Succumbed to an adder's poison

Vault maps used:
D:1:      dpeg_arrival_connections

Action                   || total
-------------------------++-------
Melee: Short sword       ||   161
 Cast: Infusion          ||    18
  Use: Scroll            ||     6
  Eat: Chunk             ||     2
